 Dungeon Crawl Stone Soup version 0.30-b1-2-g02819fbbbe (webtiles) character file.

Game seed: 2888205443428935910

70 MajorAdolf the Cudgeller (level 4, -2/38 HPs)
             Began as a Naga Wanderer on Sept 21, 2023.
             Slain by a gnoll
             ... wielding a +0 spear
              (5 damage)
             ... on level 3 of the Dungeon.
             The game lasted 00:02:45 (1940 turns).

MajorAdolf the Cudgeller (Naga Wanderer)            Turns: 1940, Time: 00:02:46

Health: -2/38      AC:  4    Str: 18    XL:     4   Next: 22%
Magic:  5/5        EV:  9    Int: 20    God:
Gold:   81         SH:  0    Dex: 13    Spells: 4/5 levels left

rFire   . . .        a - +2 mace
rCold   . . .        (no shield)
rNeg    . . .        d - +0 leather armour
rPois   +            b - +0 helmet
rElec   .            (no cloak)
rCorr   .            (no gloves)
SInv    +            (no barding)
Will    .....        (no amulet)
Stlth   ++           g - +6 ring of dexterity
HPRegen 0.26/turn    i - +6 ring of intelligence
MPRegen 0.09/turn

%: no passive effects
@: very slow
A: AC +1, large, see invisible, deformed body, poison resistance, slowness 2,
spit poison 1, naga tail 1
a: Spit Poison


You were on level 3 of the Dungeon.
You visited 1 branch of the dungeon, and saw 3 of its levels.

You collected 81 gold pieces.

Inventory:

Hand Weapons
 a - a +2 mace (weapon)
Armour
 b - a +0 helmet (worn)
 d - a +0 leather armour (worn)
Jewellery
 g - a +6 ring of dexterity (left hand)
 i - a +6 ring of intelligence (right hand)
Scrolls
 c - a scroll of fog
 f - a scroll of noise {unknown}
 h - 2 scrolls of blinking {unknown}
 j - a scroll of teleportation {unknown}
 k - a scroll of identify {unknown}
 m - 2 scrolls of vulnerability {unknown}
 n - a scroll of fear {unknown}
Potions
 e - 2 potions of degeneration {unknown}
 l - 2 potions of lignification {unknown}
 o - a potion of heal wounds {unknown}


   Skills:
 - Level 1.0 Fighting
 + Level 5.6 Maces & Flails
 - Level 1.0 Armour
 - Level 1.0 Dodging
 - Level 1.5 Stealth
 - Level 1.0 Spellcasting
 - Level 1.0 Earth Magic


You had 4 spell levels left.
You knew the following spells:

 Your Spells              Type           Power      Damage    Failure   Level
a - Sandblast             Erth           10%        2d5       14%         1

Your spell library contained the following spells:

 Spells                   Type           Power      Damage    Failure   Level
 Sting                    Tmut/Pois      4%         1d3       21%         1
 Poisonous Vapours        Pois/Air       2%         N/A       30%         2
 Stone Arrow              Conj/Erth      6%         3d7       45%         3
 Hailstorm                Conj/Ice       1%         3d3       52%         3
 Ice Form                 Ice/Tmut       1%         N/A       90%         4
 Olgreb's Toxic Radiance  Pois           1%         N/A       90%         4
 Simulacrum               Ice/Necr       0%         N/A       100%        6


Dungeon Overview and Level Annotations

Branches:
Dungeon (3/15)

Altars:
Trog


Innate Abilities, Weirdness & Mutations

Your serpentine skin is tough. (AC +1)
You have supernaturally acute eyesight. (SInv)
Armour fits poorly on your strangely shaped body.
Your system is resistant to poisons. (rPois)
You cover ground very slowly.
You can spit poison.
You have a snake-like lower body.


Message History

You closely miss the ball python. The ball python barely misses you.
You barely miss the ball python.
The ball python bites you but does no damage.
A ball python is nearby!
You sock the ball python!
You kill the ball python!
Found a stone staircase leading down.
No target in view!
A gnoll comes into view. It is wielding a +0 spear.
The gnoll shouts!
You hear a shout! x2
A gnoll comes into view. It is wielding a +0 flail.
A gnoll comes into view. It is wielding a +0 club.
You hear a shout!
The gnoll hits you from afar with a +0 spear.
There are monsters nearby!
The gnoll closely misses you.
There are monsters nearby!
You barely miss the gnoll.
The gnoll hits you from afar with a +0 spear.
The gnoll hits you with a +0 club.
You barely miss the gnoll.
The gnoll hits you from afar with a +0 spear.
Unknown command.
The gnoll closely misses you. The gnoll attacks as you move away!
The gnoll hits you with a +0 club. The gnoll attacks as you move away!
The gnoll hits you with a +0 club. The gnoll closely misses you.
The gnoll attacks as you move away! The gnoll hits you with a +0 club.
The gnoll barely misses you. The gnoll attacks as you move away!
The gnoll hits you with a +0 club.
A gnoll comes into view. It is wielding a +0 club.
The gnoll attacks as you move away! The gnoll hits you with a +0 club.
The gnoll hits you from afar with a +0 spear!
* * * LOW HITPOINT WARNING * * *
The gnoll barely misses you.
There is a stone staircase leading down here.
The gnoll hits you with a +0 club.
* * * LOW HITPOINT WARNING * * *
The gnoll hits you from afar with a +0 spear.
You die...

#...#.#.### ..
.........?#
....#######.#.#####
...................
..####.g.#########
####+##....###
#......gg.####
#............#
#.....@g..##.#
#......#.....#
###..#.#.....#
#....#.#.....#
#....#.#.....#
#....#.#.....#
#....#.#.....#
#....#.#.....#
#....#..#.##.#


You could see 4 gnolls.

Vanquished Creatures
  An adder (D:2)
  2 worms (D:2)
  2 dart slugs
  3 endoplasms
  6 giant cockroaches
  6 goblins
  5 hobgoblins (D:1)
  2 quokkas (D:1)
  6 ball pythons
  5 bats
  A frilled lizard (D:2)
  6 kobolds
  3 rats
48 creatures vanquished.

Notes
Turn   | Place    | Note
-------+----------+-------------------------------------------
     0 | D:1      | MajorAdolf the Naga Wanderer began the quest for the Orb.
     0 | D:1      | MajorAdolf set off with the following items: a +2 mace, a
                  | +0 helmet, a scroll of fog, a +0 leather armour; and the
                  | following spell memorised: Sandblast; and the following
                  | spells available to memorise: Stone Arrow.
     0 | D:1      | Reached XP level 1. HP: 18/18 MP: 2/2
   213 | D:1      | Reached XP level 2. HP: 25/25 MP: 3/3
   391 | D:1      | Reached XP level 3. HP: 31/31 MP: 4/4
   531 | D:1      | Reached skill level 5 in Maces & Flails
  1551 | D:2      | Reached XP level 4. HP: 38/38 MP: 5/5
  1661 | D:2      | Found a bloodstained altar of Trog.
  1940 | D:3      | Slain by a gnoll

Illustrated notes

Levels and vault maps discovered:
D:1:      ncdulo_wetmaze, layout_loops_cross, minmay_pentomino_s2
D:2:      layout_loops_ring, basic_altar, minmay_misc_feat_pillars
D:3:      wad_river_or_something, layout_basic,
          nemelex_xobeh_ov_fountains_minmay, serial_shops,
          nicolae_shop_gaudy_bauble

Skill      XL: |  1  2  3 |
---------------+----------+-----
Maces & Flails | 5 |  5.6
Fighting       | |  1.0
Armour         | |  1.0
Dodging        | |  1.0
Stealth        | |  1.5
Spellcasting   | |  1.0
Earth Magic    | |  1.0

Action                     |  1- 3 |  4- 6 || total
---------------------------+-------+-------++-------
  Melee: Mace              |   110 |    24 ||   134
         Punch             |     1 |     1 ||     2
Ability: Spit Poison       |     7 |       ||     7
   Stab: Sleeping          |     1 |     1 ||     2
 Armour: Leather armour    |    31 |     9 ||    40
  Dodge: Dodged            |    63 |    16 ||    79
